 Dungeon Crawl Stone Soup version 0.30-a0-1085-g990a428a5c (webtiles) character file.

Game seed: 11398018536940386954

355322 soylentgreeen202 the Sensei (level 21, -4/162 HPs)
             Began as a Demonspawn Transmuter on Apr 6, 2023.
             Was the Champion of Cheibriados.
             Slain by an ironbound thunderhulk
             ... wielding a +0 dire flail
              (27 damage)
             ... on level 3 of the Vaults on Apr 16, 2023.
             The game lasted 06:54:59 (62518 turns).

soylentgreeen202 the Sensei (DsTm)                 Turns: 62518, Time: 06:54:59

Health: -4/162     AC: 26    Str: 30    XL:     21   Next: 37%
Magic:  31/35      EV: 21    Int: 35    God:    Cheibriados [******]
Gold:   1192       SH: 11    Dex: 33    Spells: 2/41 levels left

rFire   + + .      SeeInvis .    g - melded staff of conjuration "Xedgh" {Int+6}
rCold   x . .      Faith    .    m - melded +2 kite shield {reflect}
rNeg    . . .      Spirit   .    w - +4 fire dragon scales
rPois   .          Reflect  +    d - +2 helmet {Int+3}
rElec   .          Rampage  .    a - +2 cloak {Will+}
rCorr   .                        N - melded +2 pair of gloves
Will    ++...                    (boots unavailable)
Stlth   +++                      e - amulet of reflection
HPRegen 0.47/turn                z - ring of wizardry
MPRegen 0.24/turn                I - +4 ring of protection

@: agile, blade hands, marked, vertiginous, studying Unarmed Combat, very slow
A: hooves 3, large bone plates 2, powered by pain 3, spiny 3, corrupting
presence 2
}: 2/15 runes: serpentine, barnacled
a: End Transformation, Renounce Religion, Bend Time, Temporal Distortion,
Slouch, Step From Time


You were on level 3 of the Vaults.
You worshipped Cheibriados.
Cheibriados was exalted by your worship.
You had blades for hands.
You visited 7 branches of the dungeon, and saw 36 of its levels.
You also visited: Ice Cave.

You collected 4905 gold pieces.
You spent 3713 gold pieces at shops.

Inventory:

Hand Weapons
 b - the +3 dagger of Ucvijius {drain, rElec rPois rF- rN++}
   (You took it off a merfolk javelineer on level 4 of the Shoals)

   rF:        It makes you vulnerable to fire.
   rElec:     It insulates you from electricity.
   rPois:     It protects you from poison.
   rN:        It greatly protects you from negative energy.
Armour
 a - a +2 cloak of willpower (worn)
 d - a +2 helmet of intelligence (worn)
 m - a +2 kite shield of reflection (melded)
 w - +4 fire dragon scales (worn)
 N - a +2 pair of gloves (melded)
 S - a +2 plate armour of cold resistance
Magical Staves
 g - the staff of conjuration "Xedgh" (melded) {Int+6}
   (You found it on level 14 of the Dungeon)

   [staff of conjuration]

   Base accuracy: +5 Base damage: 5 Base attack delay: 1.2 This weapon's minimum
   attack delay (0.6) is reached at skill level 12.
   Int:       It affects your intelligence (+6).
   It falls into the 'Staves' category.
   It is a one-handed weapon.
Jewellery
 e - an amulet of reflection (around neck)
 j - a +4 ring of protection
 p - the ring of Wuluqaok {Will++ rCorr Str+3 Int-4 Stlth+}
   (You took it off a deep elf zephyrmancer on level 3 of the Elven Halls)

   [ring of resist corrosion]

   Str:       It affects your strength (+3).
   Int:       It affects your intelligence (-4).
   rCorr:     It protects you from acid and corrosion.
   Will:      It greatly increases your willpower.
   Stlth:     It makes you more stealthy.
 s - a +6 ring of intelligence
 x - a ring of ice
 y - a +6 ring of dexterity
 z - a ring of wizardry (left blade hand)
 B - a +5 ring of evasion
 C - an amulet of the acrobat
 I - a +4 ring of protection (right blade hand)
 K - an amulet of magic regeneration
 L - a +6 ring of strength
 R - a ring of see invisible
 U - a ring of poison resistance
 W - a ring of willpower
 X - a ring of wizardry
 Z - a +5 ring of evasion
Wands
 k - a wand of flame (7)
 o - a wand of iceblast (40)
 D - a wand of polymorph (20)
 F - a wand of digging (14)
 G - a wand of acid (7)
 Y - a wand of mindburst (27)
Scrolls
 c - 3 scrolls of blinking
 f - 4 scrolls of fog
 l - 19 scrolls of teleportation
 u - 3 scrolls of butterflies
 A - 2 scrolls of vulnerability
 E - 11 scrolls of magic mapping
 H - a scroll of silence
 M - 6 scrolls of fear
 P - 2 scrolls of torment
 Q - 11 scrolls of poison
Potions
 h - 4 potions of brilliance
 i - 7 potions of might
 q - 26 potions of curing
 r - 2 potions of flight
 t - 2 potions of magic
 v - 3 potions of attraction
 J - a potion of cancellation
 O - 3 potions of berserk rage
 V - a potion of resistance
Miscellaneous
 T - a phantom mirror


   Skills:
 - Level 13.0 Fighting
 - Level 2.3 Throwing
 - Level 9.1 Armour
 - Level 10.0 Dodging
 - Level 8.0 Stealth
 - Level 10.0 Shields
 + Level 21.5 Unarmed Combat
 + Level 10.8 Spellcasting
 - Level 11.0 Conjurations
 - Level 13.0 Transmutations
 - Level 10.0 Earth Magic
 - Level 3.0 Poison Magic
 - Level 9.0 Invocations
 - Level 5.2 Evocations


You had 2 spell levels left.
You knew the following spells:

 Your Spells              Type           Power      Damage    Failure   Level
a - Beastly Appendage     Tmut           100%       N/A       4%          1
b - Wereblood             Tmut           83%        N/A       4%          2
c - Blade Hands           Tmut           41%        N/A       10%         5
d - Stone Arrow           Conj/Erth      100%       3d13      7%          3
e - Iron Shot             Conj/Erth      37%        9d7       30%         6
f - Petrify               Tmut/Erth      79%        N/A       9%          4
g - Statue Form           Tmut/Erth      52%        N/A       26%         6
h - Passwall              Tmut/Erth      65%        N/A       5%          2
i - Lee's Rapid Deconstr  Erth           36%        3d18*     16%         5
j - Alistair's Intoxicat  Tmut/Pois      44%        N/A       21%         5

Your spell library contained the following spells:

 Spells                   Type           Power      Damage    Failure   Level
 Magic Dart               Conj           100%       1d8       5%          1
 Sandblast                Erth           100%       2d20      6%          1
 Searing Ray              Conj           100%       2d8       6%          2
 Sting                    Tmut/Pois      100%       1d8       7%          1
 Foxfire                  Conj/Fire      100%       2x1d9     9%          1
 Shock                    Conj/Air       100%       1d9       9%          1
 Momentum Strike          Conj/Tloc      100%       3d10      11%         2
 Static Discharge         Conj/Air       100%       2-7/arc   11%         2
 Apportation              Tloc           36%        N/A       21%         1
 Necrotise                Necr           72%        1d7       21%         1
 Summon Small Mammal      Summ           72%        N/A       21%         1
 Cigotuvi's Dreadful Rot  Necr/Pois/Air  50%        N/A       21%         2
 Poisonous Vapours        Pois/Air       58%        N/A       21%         2
 Blink                    Tloc           36%        N/A       26%         2
 Ensorcelled Hibernation  Hex/Ice        36%        N/A       26%         2
 Lesser Beckoning         Tloc           36%        N/A       26%         2
 Scorch                   Fire           36%        2d7       26%         2
 Spider Form              Tmut/Pois      66%        N/A       9%          3
 Ignite Poison            Fire/Tmut/Pois 54%        N/A       13%         3
 Iskenderun's Battlesphe  Conj           77%        2d13      13%         5
 Mephitic Cloud           Conj/Pois/Air  51%        N/A       16%         3
 Ice Form                 Ice/Tmut       59%        N/A       17%         4
 Flame Wave               Conj/Fire      55%        2d13      21%         4
 Fulminant Prism          Conj/Hex       27%        3d13      21%         4
 Iskenderun's Mystic Bla  Conj/Tloc      55%        2d12      21%         4
 Sticky Flame             Conj/Fire      55%        2d7       21%         4
 Animate Armour           Summ/Erth      100%       N/A       24%         4
 Leda's Liquefaction      Hex/Erth       26%        N/A       24%         4
 Call Canine Familiar     Summ           18%        N/A       36%         3
 Confusing Touch          Hex            18%        N/A       36%         3
 Gell's Gravitas          Tloc           18%        N/A       36%         3
 Ozocubu's Armour         Ice            18%        N/A       36%         3
 Portal Projectile        Hex/Tloc       36%        N/A       36%         3
 Summon Guardian Golem    Hex/Summ       18%        N/A       36%         3
 Swiftness                Air            18%        N/A       36%         3
 Teleport Other           Tloc           18%        N/A       36%         3
 Vampiric Draining        Necr           18%        2d7       36%         3
 Volatile Blastmotes      Fire/Tloc      36%        2d13      36%         3
 Olgreb's Toxic Radiance  Pois           40%        N/A       36%         4
 Fireball                 Conj/Fire      27%        3d12      36%         5
 Borgnjor's Vile Clutch   Necr/Erth      26%        N/A       38%         5
 Eringya's Noxious Bog    Tmut/Pois      33%        N/A       50%         6
 Freezing Cloud           Conj/Ice/Air   22%        6-21      52%         5
 Orb of Destruction       Conj           38%        9d11      58%         7
 Airstrike                Air            9%         2d(2-18)  61%         4
 Anguish                  Hex/Necr       9%         N/A       61%         4
 Dispel Undead            Necr           18%        3d11      61%         4
 Summon Ice Beast         Ice/Summ       18%        N/A       61%         4
 Summon Lightning Spire   Summ/Air       18%        N/A       61%         4
 Conjure Ball Lightning   Conj/Air       27%        3x3d8     73%         6
 Starburst                Conj/Fire      27%        6d9       73%         6
 Agony                    Necr           18%        N/A       86%         5
 Metabolic Englaciation   Hex/Ice        9%         N/A       86%         5
 Death Channel            Necr           9%         N/A       99%         6
 Dispersal                Tloc           9%         N/A       99%         6
 Plasma Beam              Fire/Air       9%         2x1d21    99%         6
 Simulacrum               Ice/Necr       9%         N/A       99%         6
 Summon Cactus Giant      Summ           9%         N/A       99%         6
 Discord                  Hex            9%         N/A       100%        8
 Disjunction              Tloc           9%         N/A       100%        8
 Ignition                 Fire           9%         3d5       100%        8
 Summon Horrible Things   Summ           9%         N/A       100%        8
 Chain Lightning          Conj/Air       27%        3d36      100%        9
 Fire Storm               Conj/Fire      27%        8d7       100%        9
 Shatter                  Erth           36%        3d29*     100%        9


Dungeon Overview and Level Annotations

Branches:
Dungeon (15/15)            Temple (0/1) D:6            Lair (5/5) D:11
 Shoals (4/4) Lair:2        Snake (4/4) Lair:3        Slime (0/5) Lair:4
    Orc (2/2) D:11            Elf (3/3) Orc:2        Vaults (3/5) D:14
  Crypt (0/3) Vaults:3     Depths (0/4) D:15          IceCv (visited)

Altars:
Ashenzari
Cheibriados
Gozag
Okawaru
Qazlal
Uskayaw
Wu Jian
Yredelemnul
Jiyva

Shops:
D:3 =   D:7 (   D:9 (   D:10 (   D:13 (   D:14 [([:!   Orc:1 [(:   Orc:2 [*[
Snake:1 :   Vaults:2 :

Portals:
Abyss: Lair:4
Trove: D:10 (give +4 shadow dragon scales)

Annotations:
D:6 exclusion: downstairs
Snake:3 exclusions: door and 2 more exclusions, Bai Suzhen
Elf:2 3 runed translucent doors
Vaults:1 3 runed translucent doors, Joll's ghost, adept FoRe


Innate Abilities, Weirdness & Mutations

You have blades for hands.
Your spellcasting is less reliable in this form.
You are incapable of wielding weapons or throwing items.
You have hooves in place of feet.
You are mostly covered in large bone plates. (SH +6)
You are powered by pain.
You are completely covered in sharp spines.
Your presence sometimes corrodes or deforms those you injure.


Message History

You kill the wizard!
Cheibriados thoroughly appreciates the change of pace.
A freezing mist starts to gather...
The necromancer barely misses you.
A wizard simulacrum comes into view.
Okay, then.
Aiming: Mindburst
Press: ? - help, Shift-Dir - straight line, p - ironbound thunderhulk
Okay, then.
Casting: Blade Hands (mildly dangerous; 5% risk of failure)
Confirm with . or Enter, or press ? or * to list all spells.
Okay, then.
Casting: Blade Hands (mildly dangerous; 5% risk of failure)
Confirm with . or Enter, or press ? or * to list all spells.
Casting: Alistair's Intoxication (dangerous; 13% risk of failure)
Press: ? - help, Dir - look around, f - activate You attempt to intoxicate your foes!
The necromancer looks rather confused.
The world spins around you!
The vault warden simulacrum barely misses you.
The ironbound convoker completely misses you.
The necromancer hits you but does no damage.
You shred the necromancer!!!
You kill the necromancer!
Cheibriados appreciates the change of pace.
The wizard simulacrum misses you.
The vault warden simulacrum closely misses you.
The ironbound thunderhulk is struck by your spines.
The ironbound thunderhulk hits you with a +0 dire flail!!
* * * LOW HITPOINT WARNING * * *
The vault sentinel blows a loud note on a signal horn!
You feel better.
The vault warden simulacrum hits you but does no damage.
The ironbound convoker hits you but does no damage.
The wizard simulacrum is struck by your spines.
The wizard simulacrum hits you but does no damage.
You block the vault warden simulacrum's attack.
You slash the vault sentinel! You kick the vault sentinel!
You slash the vault sentinel!
The vault sentinel is severely wounded.
The ironbound thunderhulk hits you with a +0 dire flail!!
You die...

.....+,...,,*,,,,,,,,,,,,,,,,,,,,
.....########,,,,,,,,,,,,,,,,,,,,
.............,,,,,,,,,,,,,,,,,,,,
.............,,,,,,,,,,,,,,,,,,,,
.............,,,,,,,,,,,,,,,,,,,,
#'######+####*******************+
.........* #############**,,,*,
.........* #.ZZp........,*,,,,*
.........* #.)@p........,*,,,*,
.........* #.Z)O.>......,**,*,*
.........* #...)........,*,*,*,
........(* #............,+,,*,*
#'############.....[......,+,*,*,
.......#.....#.......!....,**,*,*
.#####.#.....+............,*,,,*,
.#.[.'.#.....#############**,,,,*
.#...#.###)### *,,,*,


You could see an ironbound thunderhulk (soul bound), a vault sentinel (soul
bound, strong, slow), an ironbound convoker (soul bound, strong, slow, catching
breath), a wizard simulacrum and 2 vault warden simulacra.

Vanquished Creatures
  Nikola (Snake:2)
  2 deep elf blademasters (Elf:3)
  A titan (Shoals:4)
  Asterion (Elf:3)
  A deep elf master archer (Elf:3)
  Frances (Shoals:1)
  5 krakens
  Kirke (Lair:5)
  Agnes (Snake:2)
  7 nagarajas
  6 deep elf sorcerers
  A frost giant (Vaults:1)
  Aizul (Snake:1)
  3 vault wardens
  2 orc warlords
  4 deep elf elementalists
  A very ugly thing (Vaults:2)
  2 ironbound thunderhulks
  7 ironbound preservers
  A stone giant (Vaults:1)
  The ghost of Bacu the Thaumaturge, a journeyman DjCj of Makhleb (Lair:4)
  4 deep elf demonologists (Elf:3)
  4 dire elephants (Vaults:3)
  9 deep elf annihilators (Elf:3)
  An ettin (Orc:2)
  A fire dragon (D:15)
  2 crystal guardians (D:13)
  5 deep elf death magi
  9 merfolk impalers
  6 merfolk javelineers
  2 deep elf high priests (Elf:3)
  An entropy weaver (Vaults:3)
  Josephine (Lair:4)
  2 yaktaur captains
  A rakshasa (D:15)
  The ghost of ShinQuickMan the Tainted, a journeyman HuCj of Yredelemnul (D:12)
  4 great orbs of eyes
  4 salamander tyrants
  The ghost of GigaChad the Cleaver, a journeyman FoFi of Okawaru (D:10)
  2 ice dragons
  A catoblepas (Shoals:1)
  7 ironbound frosthearts
  Erica (D:11)
  10 hydras
  2 vault guards (Vaults:2)
  11 anacondas
  4 merfolk avatars
  14 boulder beetles
  An alligator snapping turtle (Shoals:1)
  5 satyrs
  24 dancing weapons
  5 death yaks
  16 naga warriors
  14 centaur warriors
  7 two-headed ogres
  6 merfolk aquamancers
  A thrashing horror (Lair:4)
  A large abomination (Lair:4)
  A tengu warrior (D:14)
  3 orc high priests (Orc:2)
  9 deep elf knights
  Nergalle (D:10)
  A spriggan (Lair:4)
  10 naga sharpshooters
  10 shock serpents
  A fire crab (Lair:4)
  5 salamander mystics
  10 sea snakes
  4 skeletal warriors (D:13)
  27 deep trolls
  2 bog bodies
  9 skysharks
  Lodul (D:10)
  A spectral wolf spider (D:12)
  4 wizards
  An orange crystal statue (D:13)
  6 naga ritualists
  7 lindwurms
  11 ironbound convokers
  9 orc knights
  29 harpies
  12 deep elf archers
  26 deep elf zephyrmancers
  20 ugly things
  6 mana vipers
  3 necromancers
  A wolf spider (Lair:5)
  24 deep elf pyromancers
  Pikel (D:6)
  20 manticores
  9 cyclopes
  3 orc sorcerers (Orc:2)
  17 salamanders
  A manticore (shapeshifter) (Lair:4)
  24 fauns
  8 guardian serpents
  20 elephants
  3 centaur zombies (D:12)
  13 merfolk sirens
  Maurice (D:10)
  10 water nymphs
  A human skeleton (Vaults:3)
  37 black mambas
  5 torpor snails (Lair:5)
  27 naga magi
  2 ice statues (IceCv)
  A gargoyle (D:12)
  11 vault sentinels
  Maggie (D:6)
  14 cane toads
  An efreet (D:14)
  4 komodo dragons
  3 anaconda simulacra (IceCv)
  A kobold demonologist (D:11)
  3 freezing wraiths
  5 rime drakes
  16 yaktaurs
  8 ice devils
  An ancient zyme (Lair:4)
  A queen bee (D:11)
  A troll (shapeshifter) (Elf:1)
  53 merfolk
  3 polar bears
  10 wind drakes
  8 blink frogs
  Prince Ribbit (D:6)
  3 trolls
  3 tyrant leeches (Lair:5)
  12 hornets
  8 dream sheep
  A tengu simulacrum (Vaults:3)
  6 snapping turtles
  A dream sheep (shapeshifter) (D:15)
  A culicivora (shapeshifter) (D:14)
  4 air elementals
  3 centaur simulacra
  17 water elementals
  19 slime creatures
  5 wraiths
  A shadow (D:13)
  13 wyverns
  37 yaks
  2 dire elephant simulacra (IceCv)
  Eustachio (D:6)
  2 hogs (Lair:5)
  2 steam dragons
  5 fire elementals
  2 fire bats (Lair:4)
  6 basilisks
  A death yak simulacrum (IceCv)
  2 redbacks (Lair:5)
  A chaos spawn (Lair:4)
  15 vampire mosquitoes
  2 harpy simulacra (IceCv)
  54 nagas
  An ogre zombie (Vaults:3)
  21 water moccasins
  A hell hound (Lair:4)
  An acid dragon (D:14)
  3 hydra simulacra (IceCv)
  4 black bears
  A glowing shapeshifter skeleton (Vaults:3)
  An ice beast (D:6)
  22 orc warriors
  An elf simulacrum (Vaults:1)
  16 wolves
  9 ogres
  6 centaurs
  A phantom (D:6)
  A lemure (D:6)
  A human zombie (Vaults:3)
  4 kobold brigands
  3 bullfrogs
  2 earth elementals
  2 gnoll sergeants
  Blork the orc (D:6)
  3 scorpions
  A cane toad simulacrum (IceCv)
  A two-headed ogre simulacrum (IceCv)
  A wight (D:6)
  A hornet simulacrum (D:12)
  An elephant simulacrum (Lair:1)
  28 killer bees
  6 electric eels
  3 howler monkeys (D:12)
  7 hounds
  2 sleepcaps
  3 jellies
  15 orc priests
  A gnoll bouda (D:7)
  Ijyb (D:4)
  9 iguanas
  23 orc wizards
  2 polar bear simulacra
  4 hell rats (Lair:5)
  A troll simulacrum (IceCv)
  A spriggan simulacrum (IceCv)
  12 gnolls
  8 adders
  A naga simulacrum (Lair:1)
  3 shadow imps
  17 white imps
  3 worms
  4 dart slugs
  55 orcs
  6 ball pythons
  8 bats
  11 endoplasms
  7 giant cockroaches
  4 goblins
  8 hobgoblins
  5 jackals
  A quokka (D:1)
  A frilled lizard (D:1)
  31 kobolds
  2 rats (D:1)
  14 tentacles
1488 creatures vanquished.

Vanquished Creatures (others)
  An ogre mage (D:14)
  A deep elf knight (Elf:1)
  A harpy (Vaults:2)
  A manticore (D:14)
  2 humans (Lair:5)
  37 fungi
  198 plants
  19 tentacles
  A withered plant (Shoals:1)
261 creatures vanquished.

Grand Total: 1749 creatures vanquished

Notes
Turn   | Place    | Note
-------+----------+-------------------------------------------
     0 | D:1      | soylentgreeen202 the Demonspawn Transmuter began the quest
                  | for the Orb.
     0 | D:1      | Reached XP level 1. HP: 15/15 MP: 3/3
   465 | D:1      | Reached skill level 3 in Unarmed Combat
   465 | D:1      | Lost mutation: You have razor-sharp toenails. [demonic
                  | ancestry]
   465 | D:1      | Lost mutation: You have sharp toenails. [demonic ancestry]
   465 | D:1      | Gained mutation: You have large cloven feet. [demonic
                  | ancestry]
   465 | D:1      | Reached XP level 2. HP: 18/21 MP: 3/5
  1272 | D:1      | Gained mutation: You have hoof-like feet. [demonic
                  | ancestry]
  1272 | D:1      | Reached XP level 3. HP: 25/26 MP: 6/6
  2071 | D:2      | Learned a level 2 spell: Wereblood
  2342 | D:2      | Found a snail-covered altar of Cheibriados.
  2402 | D:2      | Became a worshipper of Cheibriados the Contemplative
  3039 | D:3      | Reached XP level 4. HP: 17/32 MP: 5/7
  3043 | D:3      | Found Innootuh's Jewellery Shoppe.
  3239 | D:3      | Found a faded altar of an unknown god.
  3593 | D:3      | Reached * piety under Cheibriados
  4113 | D:4      | Reached skill level 4 in Unarmed Combat
  4699 | D:4      | Reached XP level 5. HP: 36/37 MP: 8/8
  5098 | D:4      | Reached ** piety under Cheibriados
  5340 | D:4      | Lost mutation: You have razor-sharp toenails. [demonic
                  | ancestry]
  5340 | D:4      | Lost mutation: You have sharp toenails. [demonic ancestry]
  5340 | D:4      | Gained mutation: You have hooves in place of feet. [demonic
                  | ancestry]
  5340 | D:4      | Reached XP level 6. HP: 25/43 MP: 9/9
  5451 | D:4      | Noticed Ijyb
  5567 | D:4      | Killed Ijyb
  5672 | D:5      | Entered Level 5 of the Dungeon
  5697 | D:5      | Reached skill level 5 in Unarmed Combat
  5710 | D:5      | Noticed an orc warrior
  6259 | D:5      | Noticed a komodo dragon
  6319 | D:6      | Noticed an ice beast
  6327 | D:6      | Killed an ice beast
  6328 | D:6      | Gained mutation: You are partially covered in large bone
                  | plates. (SH +4) [demonic ancestry]
  6328 | D:6      | Reached XP level 7. HP: 45/48 MP: 10/10
  6598 | D:6      | Noticed Prince Ribbit
  6711 | D:6      | Reached skill level 1 in Armour
  6821 | D:6      | Noticed Blork the orc
  6827 | D:6      | Killed Blork the orc
  6944 | D:6      | Noticed Pikel
  6972 | D:6      | Killed Pikel
  6973 | D:6      | Gained mutation: You are mostly covered in large bone
                  | plates. (SH +6) [demonic ancestry]
  6973 | D:6      | Reached XP level 8. HP: 53/54 MP: 11/11
  6983 | D:6      | Noticed Eustachio
  7004 | D:6      | Killed Eustachio
  7139 | D:6      | Reached skill level 1 in Invocations
  7155 | D:6      | Found an opulent altar of Gozag.
  7183 | D:6      | Noticed Maggie
  7388 | D:6      | Found a staircase to the Ecumenical Temple.
  8129 | D:7      | Reached skill level 6 in Unarmed Combat
  8270 | D:5      | Reached *** piety under Cheibriados
  8705 | D:5      | Killed a komodo dragon
  8706 | D:5      | Reached skill level 7 in Unarmed Combat
  8706 | D:5      | Gained mutation: You are partially covered in sharp spines.
                  | [demonic ancestry]
  8706 | D:5      | Reached XP level 9. HP: 29/63 MP: 5/12
  9248 | D:7      | Found a stormy altar of Qazlal.
  9468 | D:6      | Killed Prince Ribbit
  9469 | D:6      | Reached skill level 8 in Unarmed Combat
  9548 | D:6      | Killed Maggie
  9925 | D:7      | Found Heerur's Weapon Boutique.
 10327 | D:7      | Reached skill level 5 in Dodging
 10378 | D:7      | Identified the +3 war axe "Zoxiq" {venom, Dex+6}
 10746 | D:7      | Found a basalt altar of Yredelemnul.
 11444 | D:8      | Reached **** piety under Cheibriados
 11753 | D:9      | Reached skill level 1 in Shields
 11753 | D:9      | Gained mutation: You are mostly covered in sharp spines.
                  | [demonic ancestry]
 11753 | D:9      | Reached XP level 10. HP: 49/70 MP: 10/13
 12116 | D:9      | Reached skill level 9 in Unarmed Combat
 12283 | D:9      | Reached ***** piety under Cheibriados
 12436 | D:9      | Reached skill level 10 in Unarmed Combat
 12540 | D:9      | Found Poizesya's Antique Weapon Shoppe.
 12739 | D:10     | Entered Level 10 of the Dungeon
 12794 | D:10     | Found Senabb's Firing Range.
 12837 | D:9      | Noticed a two-headed ogre
 12848 | D:9      | Killed a two-headed ogre
 12957 | D:10     | Found a runed translucent gate.
 12960 | D:10     | Found a portal to a secret trove of treasure.
 13050 | D:10     | Noticed Maurice
 13061 | D:10     | Killed Maurice
 13062 | D:10     | Reached skill level 11 in Unarmed Combat
 13126 | D:10     | Noticed Nergalle
 13138 | D:10     | Killed Nergalle
 13139 | D:10     | Gained mutation: You sometimes gain a little power by
                  | taking damage. [demonic ancestry]
 13139 | D:10     | Reached XP level 11. HP: 75/75 MP: 14/14
 13415 | D:10     | Found a runed translucent gate.
 13415 | D:10     | Found a runed translucent gate.
 13415 | D:10     | Noticed Lodul
 13432 | D:10     | Noticed a two-headed ogre
 13435 | D:10     | Killed Lodul
 13442 | D:10     | Reached skill level 12 in Unarmed Combat
 13445 | D:10     | Killed a two-headed ogre
 13447 | D:10     | Noticed a nine-headed hydra
 13448 | D:10     | Noticed GigaChad's ghost (journeyman FoFi)
 13449 | D:10     | Noticed a nine-headed hydra
 14112 | D:11     | Found a staircase to the Lair.
 14155 | D:11     | Reached skill level 13 in Unarmed Combat
 14191 | D:11     | Reached skill level 5 in Fighting
 14308 | D:11     | Noticed a two-headed ogre
 14315 | D:11     | Killed a two-headed ogre
 14490 | D:11     | Noticed a two-headed ogre
 14498 | D:11     | Killed a two-headed ogre
 14528 | D:11     | Noticed a boulder beetle
 14560 | D:11     | Killed a boulder beetle
 14680 | D:11     | Noticed a boulder beetle
 14694 | D:11     | Killed a boulder beetle
 14695 | D:11     | Gained mutation: You sometimes gain power by taking damage.
                  | [demonic ancestry]
 14695 | D:11     | Reached XP level 12. HP: 81/91 MP: 15/15
 14831 | D:11     | Noticed Erica
 14847 | D:11     | Killed Erica
 14910 | D:11     | Found a staircase to the Orcish Mines.
 14971 | D:11     | Reached ****** piety under Cheibriados
 14981 | D:11     | Reached skill level 5 in Evocations
 15069 | Lair:1   | Entered Level 1 of the Lair of Beasts
 15095 | Lair:1   | Found a frozen archway.
 15113 | IceCv    | Entered an ice cave
 15959 | IceCv    | Reached skill level 14 in Unarmed Combat
 16326 | IceCv    | Reached skill level 5 in Stealth
 16647 | Lair:1   | Noticed a death yak
 16935 | Lair:1   | Gained mutation: Your presence sometimes corrodes those you
                  | injure. [demonic ancestry]
 16935 | Lair:1   | Reached XP level 13. HP: 98/98 MP: 16/16
 17498 | Lair:2   | Found a broken altar of Ashenzari.
 17635 | Lair:2   | Reached skill level 5 in Armour
 18198 | Lair:2   | Found a staircase to the Shoals.
 18379 | Lair:2   | Reached XP level 14. HP: 89/105 MP: 17/17
 19149 | Lair:3   | Found a staircase to the Snake Pit.
 19745 | Lair:3   | Upgraded the game from 0.30-a0-1016-gfb0d676c02 to
                  | 0.30-a0-1035-g38d5fb2972
 19781 | Lair:4   | Found a transporter.
 19865 | Lair:4   | Noticed Bacu's ghost (journeyman DjCj)
 19986 | Lair:4   | Identified the +5 ring mail of the Present {rF+ Int+4}
 20028 | Lair:4   | Found a transporter.
 20429 | Lair:4   | Found a staircase to the Slime Pits.
 20432 | Lair:4   | Noticed Josephine
 20434 | Lair:4   | Found a viscous altar of Jiyva.
 20702 | Orc:1    | Entered Level 1 of the Orcish Mines
 20702 | Orc:1    | Found Toroicepp's Antique Armour Shop.
 20934 | Orc:2    | Entered Level 2 of the Orcish Mines
 20934 | Orc:2    | Found a staircase to the Elven Halls.
 20945 | Orc:1    | Reached skill level 15 in Unarmed Combat
 20984 | Orc:2    | Noticed an orc warlord
 21289 | Orc:1    | Killed an orc warlord
 21490 | Orc:2    | Reached skill level 5 in Invocations
 21679 | Orc:2    | Found Ziunk's Assorted Antiques.
 21679 | Orc:2    | Found Rawneibu's Armour Shop.
 21681 | Orc:2    | Found Ecsyiblint's Distillery.
 21681 | Orc:2    | Found Maihie Tole's Armour Shop.
 21692 | Orc:2    | Bought a +2 cloak of willpower for 279 gold pieces
 22111 | Orc:1    | Found Jemini's Antique Weapon Shoppe.
 22215 | Orc:1    | Found Kokhlewneoh's Book Boutique.
 22224 | Orc:1    | Bought the Octavo of the White Salvo for 640 gold pieces
 22224 | Orc:1    | Bought a book of Iron for 576 gold pieces
 22230 | Orc:1    | Learned a level 5 spell: Blade Hands
 22653 | D:10     | Killed GigaChad's ghost
 22654 | D:10     | Reached skill level 10 in Fighting
 22862 | Lair:5   | Entered Level 5 of the Lair of Beasts
 22881 | Lair:4   | Found a transporter.
 22913 | Lair:4   | Found an ornate altar of the Wu Jian Council.
 22942 | Lair:4   | Found a hide-covered altar of Uskayaw.
 22971 | Lair:4   | Killed Josephine
 23172 | Lair:4   | Found a transporter.
 23331 | Lair:4   | Found a one-way gate to the infinite horrors of the Abyss.
 23334 | Lair:4   | Noticed a quicksilver ooze
 23335 | Lair:4   | a quicksilver ooze changed into a radroach
 24010 | Lair:5   | Reached skill level 10 in Transmutations
 24076 | Lair:5   | Gained mutation: Your presence sometimes corrodes or
                  | deforms those you injure. [demonic ancestry]
 24076 | Lair:5   | Reached XP level 15. HP: 111/115 MP: 18/18
 24578 | Lair:5   | Noticed Kirke
 24586 | Lair:5   | Killed Kirke
 24862 | Lair:5   | Reached skill level 16 in Unarmed Combat
 25030 | Lair:5   | Found a runed translucent door.
 25152 | Lair:5   | Paralysed by a hornet for 3 turns
 26556 | D:12     | Found a runed translucent gate.
 26556 | D:12     | Found a runed translucent gate.
 26556 | D:12     | Found a runed translucent gate.
 26588 | D:12     | Noticed ShinQuickMan's ghost (journeyman HuCj)
 27187 | D:12     | Killed ShinQuickMan's ghost
 27192 | D:12     | Identified the +10 spear of Yredelemnul's Esteem {venom,
                  | Will+ Stlth+}
 27298 | D:13     | Reached skill level 17 in Unarmed Combat
 28033 | D:13     | Found Zyrphat's Antique Weapon Shop.
 28257 | D:13     | Found a runed translucent door.
 28278 | D:13     | Reached XP level 16. HP: 48/122 MP: 19/19
 28629 | D:14     | Found Gosofiw's Armour Shop.
 29055 | D:14     | Bought a +0 kite shield for 58 gold pieces
 29115 | D:14     | Found Nenio's Antique Weapon Emporium.
 29355 | D:14     | Found a gate to the Vaults.
 29385 | D:14     | Found Nigugin's Antique Armour Shop.
 29625 | D:14     | Reached skill level 5 in Shields
 30118 | D:14     | Identified the staff of conjuration "Xedgh" {Int+6}
 30320 | D:14     | Found Vaibruu's Book Emporium.
 30337 | D:14     | Found Toleutse's Distillery.
 30502 | D:15     | Entered Level 15 of the Dungeon
 30676 | D:15     | Learned a level 3 spell: Stone Arrow
 31186 | D:15     | Found a staircase to the Depths.
 31539 | D:13     | Identified the ring "Cuisyfaw" {Will+ Int+3 Stlth+}
 31554 | D:13     | Got the Essays on Support
 31564 | D:13     | Identified the +4 morningstar of the Baleful God {freeze,
                  | rCorr}
 31758 | Lair:4   | Killed Bacu's ghost
 31759 | Lair:4   | Reached skill level 1 in Earth Magic
 32365 | Snake:1  | Entered Level 1 of the Snake Pit
 32607 | Snake:1  | Reached skill level 10 in Shields
 33140 | Snake:1  | Found Gymnei's Book Shoppe.
 33237 | Snake:1  | Reached skill level 5 in Earth Magic
 33304 | Snake:1  | Noticed Aizul
 33698 | Snake:1  | Killed Aizul
 33703 | Snake:1  | Reached XP level 17. HP: 128/128 MP: 9/20
 33881 | Snake:1  | Reached skill level 1 in Conjurations
 34922 | Snake:3  | Learned a level 6 spell: Iron Shot
 35209 | Snake:3  | Identified the staff of earth "Difulyl" {rC+ Str+3 Dex+3}
 35427 | Snake:2  | Reached skill level 5 in Conjurations
 35806 | Snake:2  | Noticed Nikola
 35813 | Snake:2  | Killed Nikola
 36234 | Snake:2  | Noticed Agnes
 36240 | Snake:2  | Killed Agnes
 36884 | Snake:3  | Upgraded the game from 0.30-a0-1035-g38d5fb2972 to
                  | 0.30-a0-1043-g60ff8d5f49
 37019 | Snake:3  | Noticed Bai Suzhen
 37939 | Snake:4  | Entered Level 4 of the Snake Pit
 38261 | D:14     | Bought fire dragon scales for 1620 gold pieces
 39190 | Snake:4  | Found a snail-covered altar of Cheibriados.
 40048 | Snake:4  | Reached skill level 5 in Spellcasting
 40590 | Snake:4  | Reached XP level 18. HP: 80/140 MP: 20/25
 41512 | Snake:4  | Got a serpentine rune of Zot
 41996 | Shoals:1 | Entered Level 1 of the Shoals
 42124 | Shoals:1 | Noticed Frances
 42500 | Elf:1    | Entered Level 1 of the Elven Halls
 42530 | Elf:1    | Identified the +2 tower shield "Minn" {-Tele rPois SInv}
 43789 | Elf:1    | Identified the +11 hand axe of Glory {drain, Str+5}
 44540 | Shoals:1 | Killed Frances
 46191 | Shoals:1 | Found a runed translucent door.
 46240 | Shoals:1 | Reached skill level 18 in Unarmed Combat
 46253 | Shoals:1 | Gained mutation: You are completely covered in sharp
                  | spines. [demonic ancestry]
 46253 | Shoals:1 | Reached XP level 19. HP: 83/146 MP: 6/26
 46273 | Shoals:1 | Identified the +0 scale mail "Zupned" {rF+ Str+2}
 46947 | Shoals:2 | Identified the +0 chain mail "Ozxuses" {-Tele rF+++ Will-
                  | Str+4}
 48987 | Shoals:4 | Entered Level 4 of the Shoals
 49730 | Shoals:4 | Identified the +3 dagger of Ucvijius {drain, rElec rPois
                  | rF- rN++}
 50527 | Shoals:4 | Paralysed by an air elemental for 1 turns
 51756 | Shoals:4 | Got Sif Muna's Elucidation of Rallying and Doom
 51763 | Shoals:4 | Got a barnacled rune of Zot
 52101 | Elf:2    | Reached skill level 10 in Spellcasting
 52709 | Elf:2    | Gained mutation: You are powered by pain. [demonic
                  | ancestry]
 52709 | Elf:2    | Reached XP level 20. HP: 95/153 MP: 34/34
 52978 | Elf:2    | Reached skill level 10 in Conjurations
 52994 | Elf:2    | Found a runed translucent gate.
 52995 | Elf:2    | Found a runed translucent gate.
 52995 | Elf:2    | Found a runed translucent gate.
 53265 | Elf:3    | Entered Level 3 of the Elven Halls
 53929 | Elf:3    | Noticed Asterion
 53941 | Elf:3    | Killed Asterion
 54554 | Elf:3    | Reached skill level 10 in Dodging
 54826 | Elf:3    | Identified the +9 short sword of the Foremost Spines
                  | {distort, rF+}
 54826 | Elf:3    | Identified the ring "Vaitrad" {rF+ MP+9}
 54983 | Elf:3    | Upgraded the game from 0.30-a0-1043-g60ff8d5f49 to
                  | 0.30-a0-1074-g5db6f66fbb
 55184 | Elf:3    | Identified the +7 glaive "Rief" {flame, Int+6}
 55184 | Elf:3    | Identified the ring of Wuluqaok {Will++ rCorr Str+3 Int-4
                  | Stlth+}
 55442 | Elf:3    | Reached skill level 10 in Earth Magic
 55608 | Elf:3    | Identified the +3 quarterstaff of Bodily Humours {venom,
                  | rElec rN+ SInv Stlth+}
 56415 | Elf:3    | Identified the staff of fire "Orizur" {rF+ rC+ rCorr Str+3}
 56418 | Elf:3    | Identified the staff of poison "Vauduc" {*Slow rPois rC+
                  | Str+9 Dex-3}
 56427 | Elf:3    | Identified the +0 ring mail "Rioba" {Regen+ MP+9 Str+4
                  | Stlth-}
 56436 | Elf:3    | Found the +6 arbalest "Damnation" {damnation}
 56539 | Elf:3    | Identified the staff of fire "Xufiyreib" {rF+ Str+3}
 56820 | Vaults:1 | Entered Level 1 of the Vaults
 56981 | D:14     | Bought a potion of heal wounds for 90 gold pieces
 56981 | D:14     | Bought a potion of heal wounds for 90 gold pieces
 56981 | D:14     | Bought a potion of brilliance for 72 gold pieces
 57070 | Vaults:1 | HP: 7/155 [orc warlord/+6 heavy battleaxe (44)]
 57083 | Vaults:1 | HP: 7/156 [stone giant/large rock (40)]
 57758 | Vaults:1 | Identified a scroll of acquirement
 58248 | Vaults:1 | Reached skill level 19 in Unarmed Combat
 58314 | Vaults:1 | Found a runed translucent gate.
 58314 | Vaults:1 | Found a runed translucent gate.
 58315 | Vaults:1 | Found a runed translucent gate.
 58944 | Vaults:1 | Acquired a book of Sloth
 58951 | Vaults:1 | Learned a level 4 spell: Petrify
 58958 | Vaults:1 | Learned a level 6 spell: Statue Form
 59671 | Vaults:1 | Noticed Joll's ghost (adept FoRe)
 59673 | Vaults:1 | Found an iron altar of Okawaru.
 59675 | Vaults:1 | Upgraded the game from 0.30-a0-1074-g5db6f66fbb to
                  | 0.30-a0-1085-g990a428a5c
 59735 | Vaults:2 | Reached skill level 20 in Unarmed Combat
 60018 | Vaults:2 | Reached XP level 21. HP: 162/162 MP: 29/35
 60196 | Vaults:2 | Found Dohoitzi's Book Shoppe.
 60298 | Vaults:2 | in_shop
 60563 | Orc:1    | Bought a book of Geomancy for 288 gold pieces
 60566 | Orc:1    | Learned a level 2 spell: Passwall
 60572 | Orc:1    | Learned a level 5 spell: Lee's Rapid Deconstruction
 60578 | Orc:1    | Learned a level 5 spell: Alistair's Intoxication
 61153 | Vaults:2 | Reached skill level 1 in Poison Magic
 61706 | Vaults:2 | You fall into a shaft and drop 1 floor!
 61752 | Vaults:3 | Reached skill level 21 in Unarmed Combat
 62518 | Vaults:3 | Slain by an ironbound thunderhulk

Illustrated notes

#######....#
......#....#
......#....#
......#....#
......#....#
......#....#
......#....#
......#....#
..... +.@..#
..... #....#
#### #....#
#....#
#....#
#....#
#....#
#....#


Turn 60298 on Vaults:2: in_shop

Levels and vault maps discovered:
D:1:      tarquinn_simple_flora_water_a, layout_basic
D:2:      layout_loops_ring, basic_altar
D:3:      wad_pebble_path, layout_loops_cross, basic_ecumenical_altar,
          serial_shops, nicolae_diamond_shop
D:4:      layout_basic, uniq_ijyb
D:5:      layout_gridville, kennysheep_generic_room_15
D:6:      layout_gridville, grunt_gozag_statues, minmay_temple_entry_slanted,
          uniq_maggie, uniq_blork_the_orc, uniq_eustachio, uniq_prince_ribbit1,
          uniq_pikel
D:7:      layout_cave_pods, grunt_qazlal_sundering, kennysheep_mini_moat,
          serial_shops, nicolae_shop_window_shopping, st_stairs_9
D:8:      layout_rooms
D:9:      layout_roguey, serial_shops, nicolae_shop_hallway_plus
D:10:     layout_stronghold, enter_trove_3, gammafunk_ghost_hydra_chop,
          nicolae_shop_firing_range, uniq_nergalle, uniq_maurice, uniq_lodul
D:11:     layout_gridville, minmay_lair_entry_grove, orc_0_dummy, special_room
          [special_room_bee], uniq_erica
D:12:     layout_roguey, gammafunk_ghost_necromancy
D:13:     layout_stronghold, serial_shops, shop, minmay_crystal_box
D:14:     minmay_the_grid_triangle_9x9_recursive_3
          [minmay_the_grid_triangle_9x9_stretched_checkered,
          minmay_the_grid_triangle_9x9_zippers_vertical,
          minmay_the_grid_triangle_9x9_wacky_v,
          minmay_the_grid_triangle_9x9_prize_top_heavy,
          minmay_the_grid_triangle_9x9_steps,
          minmay_the_grid_triangle_9x9_shrine,
          minmay_the_grid_triangle_9x9_corrupted_corridor,
          minmay_the_grid_triangle_9x9_sprig,
          minmay_the_grid_triangle_9x9_semitri], layout_cross, erik_vaults_1,
          serial_shops, nicolae_shop_hallway_plus, shop,
          nicolae_shop_window_shopping, nicolae_shop_trees, shop,
          nicolae_tso_carved_into_rock
D:15:     gammafunk_enter_depths_forms, layout_basic
Lair:1:   dreamdust_isle_of_ice, layout_chaotic_city, portal_ice_cave_entry_imps
Lair:2:   layout_hall_layers, elwin_shoals_entry_rooms, basic_altar,
          grunt_megastairs_1, infiniplex_staircase_pool_2
Lair:3:   layout_gridlike, nicolae_snake_entry_squirm
Lair:4:   gammafunk_cloud_chamber, layout_hall_layers, slime_entry_1,
          gammafunk_ghost_abyssal_escape, nzn_masters_of_martial_movement,
          uniq_josephine
Lair:5:   hangedman_lair_tendril_chambers, layout_loops_ring, wormcave,
          chequers_serial_rivers_micro_d, uniq_kirke
Shoals:1: nicolae_shoals_lighthouse, layout_shoals, argonaut_gorgonesque,
          uniq_frances
Shoals:2: layout_shoals, ldierk_geyser, nicolae_shoals_lost_giant_pillars,
          nicolae_shoals_songs
Shoals:3: layout_shoals
Shoals:4: shoals_end_hellmonk_storm_palace [storm_palace_center_circular,
          storm_palace_corner_blocked, storm_palace_corner_narrow,
          storm_palace_corner_narrow, storm_palace_corner_grid], serial_shops
Snake:1:  layout_grid_maze, serial_shops, nicolae_shop_hallway_stairs,
          grunt_megastairs_4, serial_bayou_shore_a, uniq_aizul
Snake:2:  layout_honeycomb, evilmike_ambush [evilmike_ambush_outer_doors,
          evilmike_ambush_inner_wall_2], uniq_nikola, uniq_agnes
Snake:3:  cheibrodos_snake_ritualist_ritual, layout_grid_maze, uniq_bai_suzhen
Snake:4:  grunt_snake_rune_serpentine_throne, layout_gridlike, basic_altar,
          nicolae_fountain_basement
Orc:1:    layout_caves, serial_shops, shop, nicolae_shop_crystal,
          nicolae_shop_crystal, nicolae_lakefront_shop
Orc:2:    grunt_orc_tribal_feast, layout_caves
Elf:1:    layout_geoelf_octagon, evilmike_minifort
Elf:2:    nicolae_elf_blades_crystal_corner, layout_geoelf_octagon,
          hangedman_elf_targetted_burst, uniq_zenata
Elf:3:    minmay_elf_hall_quartered_circle, layout_geoelf_castle, uniq_asterion
Vaults:1: gammafunk_ghost_fury_of_okawaru, vaults_mumra_minichess_inversion,
          ontoclasm_vaults_gateway, vaults_dpeg_doors, v_misc_23,
          vaults_dpeg_ring, vaults_room_fancy_cross, nicolae_vaults_big_ls,
          nicolae_vaults_know_your_exits, serial_ice_g, layout_vaults_omnibox
Vaults:2: vaults_standard_mumra_enter_the_diamond, nicolae_vaults_triangles,
          hangedman_vaults_slice, grunt_vaults_swirl, v_misc_13,
          grunt_vaults_bifocal, vaults_room_mumra_shop_pool,
          nicolae_vaults_little_squares_6, nicolae_vaults_diagonal_hallway_9,
          layout_vaults_omnigrid, serial_shops, shop, uniq_saint_roka
Vaults:3: ontoclasm_vaults_misaligned, grunt_vaults_hallway_short,
          grunt_vaults_hallway_long, minmay_crypt_entry_simple_statues,
          v_pattern_3, st_cross, grunt_vaults_funnel, v_misc_10,
          ontoclasm_vaults_pinch, v_rooms_1, vaults_dpeg_spiral,
          nicolae_vaults_border_crossing, vaults_room_grid,
          layout_vaults_big_room

Skill      XL: |  1  2  3  4  5  6  7  8  9 10 11 12 13 14 15 16 17 18 19 20 21 |
---------------+----------------------------------------------------------------+-----
Dodging        | 2 3 6 8 9 10 | 10.0
Transmutations | 2 3 4 6 10 11 13 | 13.0
Unarmed Combat | 3 4 5 7 8 11 13 14 15 17 18 20 21 | 21.5
Stealth        | 2 3 8 |  8.0
Armour         | 2 3 6 7 9 |  9.1
Fighting       | 3 7 8 10 12 13 | 13.0
Invocations    | 2 5 6 8 9 |  9.0
Throwing       | 2 |  2.3
Shields        | 1 4 10 | 10.0
Evocations     | 3 5 |  5.2
Earth Magic    | 5 6 7 9 10 | 10.0
Conjurations   | 7 9 11 | 11.0
Spellcasting   | 5 10 | 10.8
Poison Magic   | 3 |  3.0

Action                     |  1- 3 |  4- 6 |  7- 9 | 10-12 | 13-15 | 16-18 | 19-21 || total
---------------------------+-------+-------+-------+-------+-------+-------+-------++-------
  Melee: Unarmed           |   129 |   142 |   229 |   489 |   904 |  1048 |   765 ||  3706
         Kick              |    29 |    50 |    82 |   222 |   390 |   465 |   339 ||  1577
         Punch             |     8 |     8 |     3 |       |    13 |    57 |    66 ||   155
         Headbutt          |    15 |    21 |    30 |       |       |       |       ||    66
         Staff             |       |       |       |       |       |    19 |    43 ||    62
  Throw: Stone             |       |     7 |       |       |       |       |       ||     7
         Throwing net      |       |     1 |       |       |       |       |       ||     1
         Dart              |       |       |    21 |    29 |    13 |       |       ||    63
   Cast: Beastly Appendage |    39 |    35 |    26 |       |       |     1 |     5 ||   106
         Wereblood         |       |       |     5 |     7 |     5 |    19 |    10 ||    46
         Blade Hands       |       |       |       |       |    11 |    67 |    76 ||   154
         Stone Arrow       |       |       |       |       |       |    11 |    16 ||    27
         Iron Shot         |       |       |       |       |       |       |    56 ||    56
         Statue Form       |       |       |       |       |       |       |     4 ||     4
         Alistair's Intoxi |       |       |       |       |       |       |     1 ||     1
 Invoke: Bend Time         |       |       |     3 |     2 |     1 |     4 |     2 ||    12
         Temporal Distorti |       |       |     1 |     1 |       |     4 |     4 ||    10
         Slouch            |       |       |       |       |       |     6 |     7 ||    13
         Step From Time    |       |       |       |       |       |     1 |       ||     1
  Evoke: Wand              |       |     1 |     6 |       |       |     2 |    12 ||    21
    Use: Scroll            |     4 |     6 |     6 |     9 |    10 |    12 |    14 ||    61
         Potion            |       |     1 |     1 |     2 |     6 |    10 |    11 ||    31
   Stab: Sleeping          |       |     3 |       |     8 |     6 |    14 |     7 ||    38
         Distracted        |       |       |       |     1 |     2 |     1 |       ||     4
         Petrifying        |       |       |       |       |       |     2 |       ||     2
 Armour: Robe              |    24 |    44 |     4 |       |       |       |       ||    72
         Ring mail         |       |       |    44 |    55 |    92 |   107 |       ||   298
         Plate armour      |       |       |       |       |   187 |    53 |       ||   240
         Fire dragon scale |       |       |       |       |       |   117 |   193 ||   310
         Skin              |       |       |       |       |       |       |    12 ||    12
  Dodge: Dodged            |    85 |    67 |   156 |   257 |   628 |   800 |   749 ||  2742
  Block: Other             |    16 |    25 |   146 |       |    56 |   234 |   220 ||   697
         Reflection        |     1 |     2 |     4 |    11 |    25 |   123 |   119 ||   285
         Buckler           |       |       |    20 |   468 |   945 |    24 |       ||  1457
         Kite shield       |       |       |       |       |       |   815 |   645 ||  1460

Table legend: (Time is in decaauts)
 A = Elapsed time spent in this place.
 B = Non-inter-level travel time spent in this place.
 C = Inter-level travel time spent in this place.
 D = Time resting spent in this place.
 E = Time spent auto-exploring this place.
 F = Levels seen in this place.
 G = Mean time per level.
                   A        B        C        D        E       F      G
               +--------+--------+--------+--------+--------+-----+--------+
         Total |  90223 |  78027 |  12196 |  20067 |  32521 |  37 | 2438.5 |
       Dungeon |  31070 |  25571 |   5499 |   5051 |  12482 |  15 | 2071.3 |
          Lair |  16103 |  12936 |   3167 |   3046 |   5418 |   5 | 3220.6 |
        Shoals |  10339 |   9484 |    855 |   2901 |   3575 |   4 | 2584.8 |
     Snake Pit |  12821 |  11834 |    987 |   3795 |   4713 |   4 | 3205.2 |
  Orcish Mines |   2711 |   2195 |    516 |    433 |    933 |   2 | 1355.5 |
   Elven Halls |   8637 |   8033 |    604 |   2237 |   2352 |   3 | 2879.0 |
        Vaults |   6875 |   6310 |    565 |   1673 |   2815 |   3 | 2291.7 |
      Ice Cave |   1665 |   1665 |      0 |    929 |    231 |   1 | 1665.0 |
               +--------+--------+--------+--------+--------+-----+--------+

Top non-repeatable levels by time:
   Elf:3: 4785 daAuts
  Lair:4: 4103 daAuts
  Lair:2: 3982 daAuts
 Snake:4: 3959 daAuts
Vaults:1: 3834 daAuts
    D:14: 3698 daAuts
 Snake:3: 3663 daAuts
Shoals:4: 3422 daAuts
    D:13: 3191 daAuts
Shoals:1: 2857 daAuts
  Lair:5: 2817 daAuts
 Snake:1: 2722 daAuts
  Lair:3: 2615 daAuts
  Lair:1: 2583 daAuts
     D:6: 2495 daAuts
